 Dungeon Crawl Stone Soup version 0.29-a0-266-gf56f883ddd (webtiles) character file.

Game seed: 7459078814553300329

1322 frimble the Ruffian (level 8, -2/61 HPs)
             Began as a Djinni Cinder Acolyte on Mar 6, 2022.
             Was a High Priest of Ignis.
             Slain by a gnoll sergeant
             ... wielding a +0 spear of venom
              (6 damage)
             ... on level 6 of the Dungeon.
             The game lasted 00:10:29 (8982 turns).

frimble the Ruffian (Djinni Cinder Acolyte)         Turns: 8982, Time: 00:10:30

Health: -2/61      AC:  5    Str: 13    XL:     8   Next: 90%
Gold:   198        EV: 12    Int: 16    God:    Ignis [*****.] SH:  0 Dex: 11

rFire   + + +      SeeInvis +     - Unarmed
rCold   x . .      Faith    .   (no shield)
rNeg    . . .      Spirit   .   k - +0 leather armour
rPois   ∞          Reflect  .   i - +0 helmet of the Riding Gods {SInv}
rElec   .          Harm     .   e - +0 cloak
rCorr   .          Rampage  .   (no gloves)
Will    .....                   (boots unavailable)
Stlth   +.........              l - amulet of the acrobat
HPRegen 0.20/turn               (no ring)
MPRegen 0.00/turn               (no ring)

@: attractive, flying, invisible
A: sickness immunity, fire resistance 2, cold vulnerability 1, float, innate
caster, HP casting, extra vitality 1
a: Renounce Religion, Fiery Armour, Foxfire Swarm, Rising Flame


You were on level 6 of the Dungeon.
You worshipped Ignis.
Ignis was extremely pleased with you.
You visited 1 branch of the dungeon, and saw 6 of its levels.

You collected 279 gold pieces.
You spent 81 gold pieces at shops.

Inventory:

Hand Weapons
 d - a +1 dagger of protection
Missiles
 a - 173 stones
 f - a curare-tipped dart
Armour
 e - a +0 cloak (worn)
 i - the +0 helmet of the Riding Gods (worn) {SInv}
   (You found it on level 4 of the Dungeon)

   SInv:      It lets you see invisible.
 j - a +0 kite shield
 k - a +0 leather armour (worn)
 m - a +0 helmet
Jewellery
 l - an amulet of the acrobat (around neck)
Scrolls
 h - 2 scrolls of fog
 n - 3 scrolls of brand weapon
 o - a scroll of summoning {unknown}
 p - a scroll of enchant armour {unknown}
 q - a scroll of holy word
 r - a scroll of fear


   Skills:
 + Level 5.6 Fighting
 - Level 3.3 Armour
 - Level 4.6 Dodging
 + Level 5.7 Unarmed Combat
 + Level 4.3 Spellcasting


You had 8 spell levels left.
You knew the following spells:

 Your Spells              Type           Power      Damage    Failure   Level
a - Scorch                Fire           34%        2d7       5%          2
b - Sandblast             Erth           34%        2d9       3%          1
c - Wereblood             Tmut           17%        N/A       5%          2
d - Static Discharge      Conj/Air       17%        N/A       5%          2
Your spell library was empty.

Dungeon Overview and Level Annotations

Branches:
Dungeon (6/15)
 Temple: D:4-7

Altars:
Cheibriados
Wu Jian
Yredelemnul
The Shining One

Shops:
D:2 *

Annotations:
D:5 Blork the orc, Eustachio
D:6 1 transporter, spaghetti's ghost, novice NaCK


Innate Abilities, Weirdness & Mutations

You are immune to sickness and miasma.
You are immune to poison.
Your flesh is very heat resistant. (rF++)
You are vulnerable to cold. (rC-)
You float through the air rather than walking.
You learn spells naturally, not from books.
Your magical power is your life essence.
You have superior vitality. (+4 MHP)


Message History

The gnoll sergeant hits you with a +0 spear of venom.
The gnoll sergeant completely misses you.
You hit the gnoll.
The gnoll is lightly wounded.
The gnoll misses you.
The gnoll sergeant completely misses you.
You hit the gnoll.
The gnoll is heavily wounded.
Your primal bloodlust has ended.
The gnoll sergeant is attracted toward you.
You hit the gnoll sergeant.
The gnoll sergeant is heavily wounded.
You hit the gnoll sergeant but do no damage.
The gnoll sergeant is heavily wounded.
The gnoll hits you but does no damage.
The gnoll sergeant hits you with a +0 spear of venom!
You aren't carrying any items that you can evoke.
It was a potion of magic.
Magic washes over you without effect.
The gnoll hits you from afar with a +0 spear!
* * * LOW HITPOINT WARNING * * *
The gnoll sergeant hits you but does no damage.
You fade into invisibility!
The gnoll hits you from afar with a +0 spear.
* * * LOW HITPOINT WARNING * * *
The gnoll sergeant hits you with a +0 spear of venom.
* * * LOW HITPOINT WARNING * * *
You hit the gnoll sergeant.
The gnoll sergeant is severely wounded.
The gnoll sergeant closely misses you.
You hit the gnoll sergeant but do no damage.
The gnoll sergeant is severely wounded.
The gnoll sergeant closely misses you.
Casting: Wereblood (safe; 5% risk of failure)
Confirm with . or Enter, or press ? or * to list all spells.
Flames lash the gnoll sergeant.
The gnoll sergeant is almost dead.
The gnoll sergeant's fire resistance burns away.
* * * LOW HITPOINT WARNING * * *
The gnoll sergeant hits you with a +0 spear of venom.
You die...

#.####.#.####.##g.
## #.#.........g
#... #.#.......# #..
#.#.......# #..
#.#.§.....# #..
#.#.######## ##..
#........... ...
#g################.#
#)g@................
###################.
#. #. #. #. #. #. #.


You could see a gnoll sergeant (can't see you, combustible) and a gnoll (can't
see you).

Vanquished Creatures
  Prince Ribbit (D:5)
  A black bear (D:5)
  An ogre (D:4)
  An ice beast (D:5)
  A kobold brigand (D:4)
  3 scorpions
  2 jellies
  2 orc priests
  A hound (D:5)
  2 iguanas
  4 orc wizards
  Robin (D:2)
  6 gnolls
  10 adders
  A white imp (D:6)
  An ufetubus (D:4)
  A worm (D:3)
  4 dart slugs
  14 orcs
  8 ball pythons
  8 endoplasms
  2 giant cockroaches
  21 goblins
  9 hobgoblins
  4 quokkas
  7 bats
  12 kobolds
  6 rats
134 creatures vanquished.

Vanquished Creatures (others)
  21 plants
21 creatures vanquished.

Grand Total: 155 creatures vanquished

Notes
Turn   | Place    | Note
-------+----------+-------------------------------------------
     0 | D:1      | frimble the Djinni Cinder Acolyte began the quest for the
                  | Orb.
     0 | D:1      | Reached XP level 1. HP: 20/20 MP: 0/0
   237 | D:1      | Reached XP level 2. HP: 25/25 MP: 0/0
  1069 | D:1      | Reached XP level 3. HP: 24/30 MP: 0/0
  1069 | D:1      | Learned a level 1 spell: Sandblast
  1872 | D:2      | Noticed Robin
  2659 | D:2      | Found Deurask's Assorted Antiques.
  2724 | D:2      | Reached XP level 4. HP: 30/35 MP: 0/0
  2727 | D:2      | Killed Robin
  2728 | D:2      | Reached skill level 1 in Dodging
  2965 | D:2      | Bought a scroll labelled PIULASIYCZUORGH for 27 gold pieces
  2965 | D:2      | Bought a scroll labelled ACVUAFF EMOOXA for 27 gold pieces
  2965 | D:2      | Bought a scroll labelled PIULASIYCZUORGH for 27 gold pieces
  3335 | D:2      | Reached XP level 5. HP: 34/41 MP: 0/0
  3335 | D:2      | Learned a level 2 spell: Wereblood
  3987 | D:3      | Reached XP level 6. HP: 29/47 MP: 0/0
  4129 | D:3      | Found a faded altar of an unknown god.
  4692 | D:3      | Found an ornate altar of the Wu Jian Council.
  4693 | D:3      | Found a glowing golden altar of the Shining One.
  4756 | D:3      | Found a snail-covered altar of Cheibriados.
  4773 | D:3      | Found a basalt altar of Yredelemnul.
  4969 | D:4      | Identified the +0 helmet of the Riding Gods {SInv}
  5431 | D:4      | Reached skill level 1 in Armour
  5431 | D:4      | Reached XP level 7. HP: 24/53 MP: 0/0
  5431 | D:4      | Learned a level 2 spell: Static Discharge
  6329 | D:5      | Entered Level 5 of the Dungeon
  6329 | D:5      | Noticed Blork the orc
  7169 | D:5      | Reached skill level 5 in Fighting
  7169 | D:5      | Reached skill level 5 in Unarmed Combat
  7169 | D:5      | Reached XP level 8. HP: 22/59 MP: 0/0
  7460 | D:5      | Noticed Prince Ribbit
  7465 | D:5      | Killed Prince Ribbit
  8137 | D:5      | Noticed Eustachio
  8497 | D:6      | Found a transporter.
  8506 | D:6      | Noticed spaghetti's ghost (novice NaCK)
  8530 | D:6      | Identified the +0 kite shield "Siethud" {rPois Will+ Regen+
                  | Int-4}
  8982 | D:6      | Slain by a gnoll sergeant

Illustrated notes

Levels and vault maps discovered:
D:1:      wander_arrival_lonely_grave, layout_basic, serial_aquarium,
          aquarium_bridge_straight [aquarium_subvault_bridge,
          aquarium_subvault_wall, aquarium_subvault_bridge,
          aquarium_subvault_wall], aquarium_bridge_square
          [aquarium_subvault_bridge, aquarium_subvault_wall,
          aquarium_subvault_balcony, aquarium_subvault_balcony],
          aquarium_window_fake, aquarium_window_fake, aquarium_view_2d,
          aquarium_balcony_1b, aquarium_pool_corner
D:2:      layout_loops_ring, serial_shops, nicolae_shop_hallway_plus, uniq_robin
D:3:      layout_rooms, gammafunk_temple_overflow_pools,
          mainiacjoe_overflow_catwalk_spiral,
          hellmonk_ecumenical_altar_arch_garden, serial_bayou_lagoon_a
D:4:      layout_loops_cross
D:5:      layout_loops_corners, mainiacjoe_overflow_alcove_1,
          uniq_blork_the_orc, uniq_eustachio, uniq_prince_ribbit1
D:6:      layout_basic, gammafunk_ghost_gnarly_gnolls, uniq_grinder

Skill      XL: |  1  2  3  4  5  6  7  8 |
---------------+-------------------------+-----
Dodging        | 1 2 3 4 |  4.6
Spellcasting   | 3 4 |  4.3
Fighting       | 4 5 |  5.6
Unarmed Combat | 4 5 |  5.7
Armour         | 1 2 3 |  3.3

Action                   |  1- 3 |  4- 6 |  7- 9 || total
-------------------------+-------+-------+-------++-------
Melee: Unarmed           |   132 |   174 |   132 ||   438
       Punch             |     3 |     3 |     5 ||    11
 Cast: Scorch            |     9 |     7 |    20 ||    36
       Sandblast         |     8 |    52 |    20 ||    80
       Wereblood         |       |     2 |     3 ||     5
       Static Discharge  |       |       |     3 ||     3
Invok: Fiery Armour      |       |     1 |       ||     1
  Use: Scroll            |       |     8 |     1 ||     9
       Potion            |       |       |     6 ||     6
 Stab: Distracted        |       |       |     1 ||     1
Armor: Robe              |    25 |       |       ||    25
       Leather armour    |    26 |    45 |    37 ||   108
Dodge: Dodged            |   106 |   100 |   176 ||   382

Table legend: (Time is in decaauts)
 A = Elapsed time spent in this place.
 B = Non-inter-level travel time spent in this place.
 C = Inter-level travel time spent in this place.
 D = Time resting spent in this place.
 E = Time spent auto-exploring this place.
 F = Levels seen in this place.
 G = Mean time per level.
                   A        B        C        D        E       F      G
               +--------+--------+--------+--------+--------+-----+--------+
         Total |   8952 |   8632 |    320 |    401 |   7020 |   6 | 1492.0 |
       Dungeon |   8952 |   8632 |    320 |    401 |   7020 |   6 | 1492.0 |
               +--------+--------+--------+--------+--------+-----+--------+

Top non-repeatable levels by time:
     D:1: 2297 daAuts
     D:4: 1973 daAuts
     D:2: 1405 daAuts
     D:5: 1290 daAuts
     D:3: 1221 daAuts
     D:6: 763 daAuts
